 Dungeon Crawl Stone Soup version 0.19-a0-488-gf8766cc (webtiles) character file.

2103 pennpaper the Blocker (level 9, -1/52 HPs)
             Began as a Gargoyle Fighter on June 4, 2016.
             Was a Follower of Trog.
             Splashed by a jelly's acid (9 damage)
             ... on level 6 of the Dungeon.
             The game lasted 00:12:59 (5082 turns).

pennpaper the Blocker (Gargoyle Fighter)            Turns: 5082, Time: 00:13:03

Health: -1/52      AC:  2    Str: 27    XL:     9   Next: 28%
Magic:  10/10      EV:  9    Int:  9    God:    Trog [*.....]
Gold:   282        SH: 11    Dex:  9    Spells: 0 memorised, 8 levels left

rFire  . . .     SeeInvis .     o - +1 mace (protect)
rCold  . . .     Gourm    .     D - +0 ring mail of Himarimp {*Contam rN+++ Str+4} (curse)
rNeg   + + +     Faith    .     c - +0 shield
rPois  ∞         Spirit   .     (no helmet)
rElec  +         Dismiss  .     (no cloak)
rCorr  .         Reflect  .     (no gloves)
SustAt .         Harm     .     A - +0 pair of boots
MR     .....                    g - amulet of regeneration
Stlth  ..........               (no ring)
                                (no ring)

@: corroded, not resistant to hostile enchantments, extremely unstealthy
A: negative energy resistance 1, electricity resistance, unbreathing,
petrification resistance, rot immunity, AC +5
a: Berserk, Burn Spellbooks, Renounce Religion


You were on level 6 of the Dungeon.
You worshipped Trog.
Trog was aware of your devotion.
You were not hungry.

You visited 1 branch of the dungeon, and saw 7 of its levels.
You also visited: Sewer.

You collected 282 gold pieces.

Inventory:

Hand Weapons
 o - a +1 mace of protection (weapon)
 p - a +0 blowgun
Missiles
 q - 20 poisoned needles
Armour
 c - a +0 shield (worn)
 A - a +0 pair of boots (worn)
 D - the cursed +0 ring mail of Himarimp (worn) {*Contam rN+++ Str+4}
   (You found it on level 5 of the Dungeon)

   It affects your strength (+4).
   It renders you almost immune to negative energy.
   It causes magical contamination when unequipped.
   It has a curse placed upon it.
Jewellery
 g - an amulet of regeneration (around neck)
Wands
 b - a wand of lightning (2/15)
 t - a wand of lightning (10/15)
 w - a wand of iceblast (5/15)
 E - a wand of polymorph (8/24)
Scrolls
 a - a scroll of recharging {unknown}
 j - 3 scrolls of blinking
 r - 9 scrolls of identify
 v - 3 scrolls of teleportation {unknown}
 x - a scroll of fog {unknown}
 y - a scroll of remove curse
 z - a scroll of enchant armour {unknown}
 C - a scroll of brand weapon {unknown}
Potions
 e - 4 potions of lignification
 h - a potion of brilliance {unknown}
 l - 2 potions of agility {unknown}
 m - 3 potions of magic {unknown}
 n - a potion of mutation {unknown}
 s - 2 potions of curing {unknown}
 u - a potion of heal wounds
Comestibles
 d - a chunk of flesh
 f - 2 bread rations
 i - 2 royal jellies
 k - 5 meat rations
 B - a slice of pizza


   Skills:
 - Level 4.2 Fighting
 * Level 7.1 Maces & Flails
 - Level 2.3 Throwing
 + Level 6.2 Armour
 - Level 0.1 Dodging
 * Level 8.3 Shields
 + Level 2.2 Evocations


You had 8 spell levels left.
You didn't know any spells.

Dungeon Overview and Level Annotations

Branches:
Dungeon (7/15)
 Temple: D:4-7

Altars:
Dithmenos
Elyvilon
Fedhas
Gozag
Hepliaklqana
Kikubaaqudgha
Pakellas
Trog
Uskayaw
Yredelemnul
Zin
The Shining One

Shops:
D:4 ?

Annotations:
D:2 exclusion: oklob plant


Innate Abilities, Weirdness & Mutations

You are resistant to torment.
Your stone body is resilient. (AC +5)
You are immune to poison.
You resist negative energy. (rN+)
You are resistant to electric shocks. (rElec)
You can survive without breathing.
You are immune to petrification.
You are immune to rotting.


Message History

Trog accepts your kill.
There is a stone staircase leading up here.
The jelly hits you.
* * * LOW HITPOINT WARNING * * *
You are splashed with acid!
The acid burns!
* * * LOW HITPOINT WARNING * * *
You climb upwards.
Found 2 gold pieces.
There is a stone staircase leading down here.
You feel much better. The jelly hits you but does no damage.
You hit the jelly but do no damage.
Your hands burn!
* * * LOW HITPOINT WARNING * * *
The jelly hits you but does no damage.
You hit the jelly.
Your hands burn!
* * * LOW HITPOINT WARNING * * *
The jelly is lightly wounded.
The jelly hits you.
* * * LOW HITPOINT WARNING * * *
You are splashed with acid!
The acid corrodes you!
The acid burns!
You die...

......
#....#
#.....
###....#
#......#
#......# #
#..$..J#.#
#.....@..#
#....###.#
#... # #..
... ##


You could see a jelly.

Vanquished Creatures
  A slime creature (D:7)
  Sigmund (D:3)
  Menkaure (D:7)
  A phantom (D:7)
  3 ogres (D:7)
  5 big kobolds
  A giant frog (D:7)
  A vampire bat (D:3)
  An orc priest (D:5)
  A centaur skeleton (D:5)
  A hound (D:4)
  3 jellies (D:7)
  5 orc wizards
  3 worker ants
  Terence (D:3)
  2 hound skeletons (D:4)
  A worker ant zombie (D:7)
  3 gnolls (D:2)
  12 adders
  3 river rats
  7 oozes
  An adder zombie (D:5)
  A worm (Sewer)
  A dart slug (D:2)
  3 fire bats (D:3)
  2 giant geckos (D:3)
  17 orcs
  2 spectral bats (D:3)
  2 ball pythons
  13 bats
  3 bat skeletons (D:3)
  5 giant cockroaches
  6 goblins
  4 hobgoblins
  12 jackals
  18 kobolds
  2 quokkas
  A bat simulacrum (D:3)
  A giant gecko skeleton (D:5)
  12 giant newts
  A quokka skeleton (D:4)
  9 rats
173 creatures vanquished.

Vanquished Creatures (others)
  A bat zombie (D:3)
  4 fungi (D:7)
  12 toadstools (D:2)
17 creatures vanquished.

Grand Total: 190 creatures vanquished

Notes
Turn   | Place    | Note
--------------------------------------------------------------
     0 | D:1      | pennpaper the Gargoyle Fighter began the quest for the Orb.
     0 | D:1      | Reached XP level 1. HP: 14/14 MP: 1/1
   142 | D:1      | Reached XP level 2. HP: 9/19 MP: 2/2
   638 | D:1      | Reached XP level 3. HP: 23/23 MP: 3/3
   714 | D:2      | Found a white marble altar of Elyvilon.
   871 | D:2      | Found a blossoming altar of Fedhas.
   891 | D:2      | Reached XP level 4. HP: 26/28 MP: 4/4
   901 | D:2      | Noticed an oklob plant
  1208 | D:2      | Reached skill level 4 in Shields
  1431 | D:3      | Reached XP level 5. HP: 33/33 MP: 5/5
  1508 | D:3      | Noticed Sigmund
  1517 | D:3      | Killed Sigmund
  1517 | D:3      | Reached XP level 6. HP: 29/38 MP: 6/6
  1601 | D:3      | Reached skill level 5 in Shields
  1949 | D:3      | Noticed Terence
  1970 | D:3      | Killed Terence
  2260 | D:3      | Reached XP level 7. HP: 43/43 MP: 7/7
  2525 | D:4      | Found a glowing drain.
  2550 | Sewer    | Entered a sewer
  2793 | Sewer    | Reached skill level 1 in Throwing
  2831 | Sewer    | Reached skill level 5 in Armour
  2950 | Sewer    | Reached skill level 6 in Shields
  3023 | Sewer    | Reached skill level 5 in Maces & Flails
  3180 | Sewer    | Reached XP level 8. HP: 48/48 MP: 8/8
  3262 | D:4      | Found a bloodstained altar of Trog.
  3304 | D:4      | Became a worshipper of Trog the Wrathful
  3328 | D:4      | Found Pum Ymio's Magic Scroll Emporium.
  3509 | D:4      | Found a hide-covered altar of Uskayaw.
  3511 | D:4      | Found a shadowy altar of Dithmenos.
  3512 | D:4      | Found a glowing golden altar of the Shining One.
  3512 | D:4      | Found an oddly glowing altar of Pakellas.
  3512 | D:4      | Found a hazy altar of Hepliaklqana.
  3512 | D:4      | Found a basalt altar of Yredelemnul.
  3623 | D:4      | Found an ancient bone altar of Kikubaaqudgha.
  3808 | D:5      | Entered Level 5 of the Dungeon
  3908 | D:5      | Reached skill level 7 in Shields
  3965 | D:5      | Found an opulent altar of Gozag.
  4033 | D:5      | Got a scorched ring mail
  4044 | D:5      | Identified the cursed +0 ring mail of Himarimp {*Contam rN+++ Str+4} (You found it on level 5 of the Dungeon)
  4177 | D:5      | Found a glowing silver altar of Zin.
  4246 | D:5      | You fall through a shaft for 2 floors!
  4367 | D:7      | Reached * piety under Trog
  4367 | D:7      | Reached skill level 1 in Evocations
  4692 | D:7      | Reached XP level 9. HP: 40/52 MP: 10/10
  4777 | D:7      | Noticed Menkaure
  4783 | D:7      | Killed Menkaure
  4783 | D:7      | Reached skill level 8 in Shields
  5082 | D:6      | Splashed by a jelly's acid

Vault maps used:
D:1:      dpeg_arrival_stonehenge_12_columns, supply_closet_lemuel, minivault_27
D:2:      lemuel_crystal_altar, tgw_fedhas
D:3:      first_bread, goddamned_bats, uniq_sigmund, uniq_terence
D:4:      grunt_temple_overflow_open, kiku_gazebo_pond_becter,
          kennysheep_little_box, serial_shops, shop_statue, portal_sewer_entry_b
D:5:      lemuel_round_altar, lemuel_crystal_altar, serial_bayou_pond_a
D:6:      nicolae_overflow_crystal_walls, minmay_temple_entry_hall,
          uniq_crazy_yiuf_cottage, uniq_edmund
D:7:      lemuel_slime, grunt_livestock, johnstein_pakellas_dig, uniq_menkaure
Sewer:    sewer_co_tree

Skill      XL: |  1  2  3  4  5  6  7  8  9 |
---------------+----------------------------+-----
Armour         | 4 5 6 |  6.2
Maces & Flails | 3 4 5 6 7 |  7.1
Shields        | 4 5 6 7 8 |  8.3
Fighting       | 4 |  4.2
Throwing       | 1 2 |  2.3
Evocations     | 1 2 |  2.2
Dodging        | |  0.1

Action                   |  1- 3 |  4- 6 |  7- 9 || total
-------------------------+-------+-------+-------++-------
Melee: Flail             |   160 |   111 |       ||   271
       Mace              |       |   121 |   545 ||   666
  Use: Potion            |       |     1 |     2 ||     3
       Scroll            |       |     4 |       ||     4
  Eat: Chunk             |       |     5 |     5 ||    10
       Bread ration      |       |       |     2 ||     2
Armor: Scale mail        |   106 |   212 |   225 ||   543
       Ring mail         |       |       |    41 ||    41
       Skin              |       |       |     1 ||     1
Dodge: Dodged            |    71 |   154 |   202 ||   427
Block: Shield            |   130 |   200 |   313 ||   643
